 Dungeon Crawl Stone Soup version 0.27.1 (webtiles) character file.

Game seed: 14994729641376258622

1 nxtlvl the Gusty (level 1, 0/17 HPs)
             Began as a Demigod Wanderer on Aug 27, 2021.
             Slain by a hobgoblin (4 damage)
             ... on level 1 of the Dungeon.
             The game lasted 00:02:01 (87 turns).

nxtlvl the Gusty (Demigod Wanderer)                   Turns: 87, Time: 00:02:02

Health: 0/17       AC:  2    Str: 12    XL:     1   Next: 13%
Magic:  1/5        EV: 11    Int: 12    God:
Gold:   11         SH:  0    Dex: 16    Spells: 2/3 levels left

rFire    . . .     SeeInvis .   a - +2 spear
rCold    . . .     Faith    .   (no shield)
rNeg     . . .     Spirit   .   c - +0 robe
rPois    .         Reflect  .   (no helmet)
rElec    .         Harm     .   (no cloak)
rCorr    .         Rampage  .   (no gloves)
Will     .....                  (no boots)
Stlth    ++........             (no amulet)
HPRegen  0.05/turn              (no ring)
MPRegen  0.09/turn              (no ring)

@: very slightly contaminated
A: high mp 1, forlorn
a: no special abilities


You were on level 1 of the Dungeon.
You visited 1 branch of the dungeon, and saw 1 of its levels.

You collected 11 gold pieces.

Inventory:

Hand Weapons
 a - a +2 spear (weapon)
 b - a +0 mace
Armour
 c - a +0 robe (worn)


   Skills:
 - Level 1.7 Fighting
 - Level 1.0 Throwing
 - Level 1.0 Armour
 - Level 1.0 Stealth
 - Level 1.7 Spellcasting
 - Level 1.0 Translocations
 * Level 1.9 Air Magic


You had 2 spell levels left.
You knew the following spells:

 Your Spells              Type           Power      Damage    Failure   Level
z - Shock                 Conj/Air       12%        1d3       19%         1

Your spell library contained the following spells:

 Spells                   Type           Power      Damage    Failure   Level
 Mephitic Cloud           Conj/Pois/Air  2%         N/A       54%         3


Dungeon Overview and Level Annotations

Branches:
Dungeon (1/15)


Innate Abilities, Weirdness & Mutations

Your attributes grow dramatically as you level up.
You have an increased reservoir of magic. (+10% MP)
You shall have no god before yourself.


Message History

Press: ? - help, Shift-Dir - straight line, f/p - hobgoblin
Aim: a hobgoblin (lightly wounded, 64% to hit)
The zap hits the hobgoblin.
The hobgoblin is heavily wounded.
The zap hits the endoplasm.
The endoplasm is heavily wounded.
The hobgoblin hits you but does no damage.
Casting: Shock (safe; 19% risk of failure)
Confirm with . or Enter, or press ? or * to list all spells.
Aiming: Shock (safe; 19% risk of failure)
Press: ? - help, Shift-Dir - straight line, f/p - hobgoblin
Aim: a hobgoblin (heavily wounded, 64% to hit)
The zap hits the hobgoblin but does no damage.
The hobgoblin is heavily wounded.
The zap hits the endoplasm.
The endoplasm is severely wounded.
The hobgoblin barely misses you.
Casting: Shock (safe; 19% risk of failure)
Confirm with . or Enter, or press ? or * to list all spells.
Aiming: Shock (safe; 19% risk of failure)
Press: ? - help, Shift-Dir - straight line, f/p - hobgoblin
Aim: a hobgoblin (heavily wounded, 64% to hit)
You miscast Shock.
You are very lightly contaminated with residual magic.
Nothing appears to happen.
The hobgoblin hits you but does no damage.
You barely miss the hobgoblin.
The hobgoblin is heavily wounded.
The hobgoblin barely misses you.
You closely miss the hobgoblin.
The hobgoblin is heavily wounded.
The hobgoblin hits you. x2
* * * LOW HITPOINT WARNING * * *
You closely miss the hobgoblin.
The hobgoblin is heavily wounded.
The hobgoblin misses you.
You closely miss the hobgoblin.
The hobgoblin is heavily wounded.
The hobgoblin hits you.
You die...

#####
#...#
#@♣.♣
#g#.#
#J♣.♣
#.#.#
#.♣.♣
..#.#
#.♣.♣
..#.#
♣.♣


You could see an endoplasm and a hobgoblin.

Vanquished Creatures
  A ball python (D:1)
1 creature vanquished.

Notes
Turn   | Place    | Note
-------+----------+-------------------------------------------
     0 | D:1      | nxtlvl the Demigod Wanderer began the quest for the Orb.
     0 | D:1      | nxtlvl set off with the following items: a +2 spear, a +0
                  | mace, a +0 robe; and the following spell memorised: Shock;
                  | and the following spells available to memorise: Mephitic
                  | Cloud
     0 | D:1      | Reached XP level 1. HP: 17/17 MP: 5/5
    87 | D:1      | Slain by a hobgoblin

Illustrated notes

Levels and vault maps discovered:
D:1:      sevenhm_arrival_forest_fort_large_2, layout_basic, serial_forest,
          infiniplex_forest_lined_3, infiniplex_forest_end_1,
          infiniplex_forest_clump_tiny, infiniplex_forest_clump_cross,
          infiniplex_forest_lined_corner, nrook_loot_triangle

Action                   || total
-------------------------++-------
Melee: Spear             ||    11
 Cast: Shock             ||     4
Armor: Robe              ||     4
Dodge: Dodged            ||     5
